ITL
HAVANA ROLLERS @ RICHMOND FLAIRS
08/16/2030
 
TOP OF THE 1ST
Havana Rollers batting - Pitching for Richmond Flairs : RHP Tomás Muńóz
Pitching: RHP Tomás Muńóz
Batting: LHB José Torres 0-0: Ball
1-0: Foul Ball, location: 2F
1-1: Foul Ball, location: 2F
1-2: Foul Ball, location: 2F
1-2: Ball
2-2: Strikes out swinging
Batting: RHB Ken MacDonald 0-0: Called Strike
0-1: Ground out 6-3 (Groundball, 56)
Batting: RHB Brant Sherman 0-0: Swinging Strike
0-1: Ball
1-1: Ball
2-1: SINGLE (Groundball, 56D)
Batting: RHB Soshu Nakamura 0-0: Swinging Strike
0-1: Called Strike
0-2: Ball
1-2: Strikes out swinging
Top of the 1st over - 0 runs, 1 hit, 0 errors, 1 left on base; Havana 0 - Richmond 0
BOTTOM OF THE 1ST
Richmond Flairs batting - Pitching for Havana Rollers : RHP Paul Lorenzo
Pitching: RHP Paul Lorenzo
Batting: RHB Lonson Seals 0-0: Foul Ball, location: 2F
0-1: Swinging Strike
0-2: Ball
1-2: Foul Ball, location: 2F
1-2: Foul Ball, location: 2F
1-2: Hit by Pitch
Batting: RHB António Gonzáles 0-0: SINGLE (Line Drive, 78S)
Lonson Seals to second
Batting: LHB R.J. Courtney 0-0: Called Strike
0-1: Ball
1-1: Foul Ball, location: 2F
1-2: Foul Ball, location: 2F
1-2: Foul Ball, location: 2F
1-2: Ball
2-2: Ball
3-2: Strikes out looking
Batting: LHB Roland Jones 0-0: Called Strike
0-1: Foul Ball, location: 2F
0-2: SINGLE (Line Drive, 8LS)
Lonson Seals to third
António Gonzáles to second
Batting: SHB Adrián Miranda 0-0: Ball
1-0: Foul Ball, location: 2F
1-1: Ball
2-1: Ball
3-1: Base on Balls
Lonson Seals scores
António Gonzáles to third
Roland Jones to second
Batting: RHB Iván De Jesús 0-0: Ball
1-0: Ball
2-0: Swinging Strike
2-1: Foul Ball, location: 2F
2-2: Strikes out swinging
Batting: RHB Alejandro Ramos 0-0: Foul Ball, location: 2F
0-1: Ball
1-1: Ground out 6-3 (Groundball, 56D)
Bottom of the 1st over - 1 run, 2 hits, 0 errors, 3 left on base; Havana 0 - Richmond 1
TOP OF THE 2ND
Havana Rollers batting - Pitching for Richmond Flairs : RHP Tomás Muńóz
Batting: RHB Bill Little 0-0: Ball
1-0: Called Strike
1-1: Ground out 4-3 (Groundball, 4)
Batting: LHB Shiro Ueno 0-0: Called Strike
0-1: Ball
1-1: Called Strike
1-2: Strikes out looking
Batting: RHB Paul Bailey 0-0: Foul Ball, location: 2F
0-1: Foul Ball, location: 2F
0-2: Ball
1-2: Foul Ball, location: 2F
1-2: Ball
2-2: Strikes out swinging
Top of the 2nd over - 0 runs, 0 hits, 0 errors, 0 left on base; Havana 0 - Richmond 1
BOTTOM OF THE 2ND
Richmond Flairs batting - Pitching for Havana Rollers : RHP Paul Lorenzo
Batting: RHB Christian Hudson 0-0: Called Strike
0-1: Ground out 4-3 (Groundball, 4)
Batting: SHB Jeremy Holmes 0-0: Ball
1-0: Fly out, F8 (Flyball, 8RM)
Batting: RHB Lonson Seals 0-0: Ball
1-0: Ball
2-0: Called Strike
2-1: SINGLE (Line Drive, 9LM)
Batting: RHB António Gonzáles 0-0: Called Strike
0-1: Foul Ball, location: 2F
0-2: Ball
1-2: Fly out, F5 (Popup, 5SF)
Bottom of the 2nd over - 0 runs, 1 hit, 0 errors, 1 left on base; Havana 0 - Richmond 1
TOP OF THE 3RD
Havana Rollers batting - Pitching for Richmond Flairs : RHP Tomás Muńóz
Batting: RHB Luis Aguilar 0-0: Called Strike
0-1: Ball
1-1: Called Strike
1-2: Ball
2-2: Strikes out swinging
Batting: RHB Mitsuharu Matsumoto 0-0: Called Strike
0-1: Ball
1-1: Fly out, F9 (Flyball, 89S)
Batting: LHB José Torres 0-0: Swinging Strike
0-1: Called Strike
0-2: Strikes out looking
Top of the 3rd over - 0 runs, 0 hits, 0 errors, 0 left on base; Havana 0 - Richmond 1
BOTTOM OF THE 3RD
Richmond Flairs batting - Pitching for Havana Rollers : RHP Paul Lorenzo
Batting: LHB R.J. Courtney 0-0: Called Strike
0-1: Ball
1-1: Fly out, F6 (Line Drive, 6)
Batting: LHB Roland Jones 0-0: Swinging Strike
0-1: SINGLE (Line Drive, 6M)
Batting: SHB Adrián Miranda 0-0: Ball
1-0: Ball
2-0: Called Strike
Roland Jones steals 2nd base
2-1: Ball
3-1: Base on Balls
Batting: RHB Iván De Jesús 0-0: Foul Ball, location: 2F
0-1: Ball
1-1: Foul Ball, location: 2F
1-2: Foul Ball, location: 2F
1-2: Foul Ball, location: 2F
1-2: Ball
2-2: Fielders Choice at 2nd, 6-4 (Groundball, 6)
Roland Jones to third
Batting: RHB Alejandro Ramos 0-0: Called Strike
0-1: Ground out U3 (Groundball, 23)
Bottom of the 3rd over - 0 runs, 1 hit, 0 errors, 2 left on base; Havana 0 - Richmond 1
TOP OF THE 4TH
Havana Rollers batting - Pitching for Richmond Flairs : RHP Tomás Muńóz
Batting: RHB Ken MacDonald 0-0: Ground out 5-3 (Groundball, 56S)
Batting: RHB Brant Sherman 0-0: Ball
1-0: Ball
2-0: Ball
3-0: Called Strike
3-1: Swinging Strike
3-2: Foul Ball, location: 2F
3-2: Base on Balls
Batting: RHB Soshu Nakamura 0-0: Fly out, F9 (Flyball, 9)
Batting: RHB Bill Little 0-0: Swinging Strike
0-1: Swinging Strike
0-2: Ball
1-2: Strikes out swinging
Top of the 4th over - 0 runs, 0 hits, 0 errors, 1 left on base; Havana 0 - Richmond 1
BOTTOM OF THE 4TH
Richmond Flairs batting - Pitching for Havana Rollers : RHP Paul Lorenzo
Batting: RHB Christian Hudson 0-0: Ball
1-0: Fly out, F9 (Flyball, 89M)
Batting: SHB Jeremy Holmes 0-0: Called Strike
0-1: Fly out, F9 (Flyball, 9S)
Batting: RHB Lonson Seals 0-0: Foul Ball, location: 2F
0-1: Called Strike
0-2: Strikes out swinging
Bottom of the 4th over - 0 runs, 0 hits, 0 errors, 0 left on base; Havana 0 - Richmond 1
TOP OF THE 5TH
Havana Rollers batting - Pitching for Richmond Flairs : RHP Tomás Muńóz
Batting: LHB Shiro Ueno 0-0: Called Strike
0-1: Called Strike
0-2: Ball
1-2: Fly out, F6 (Popup, 6S)
Batting: RHB Paul Bailey 0-0: Ball
1-0: Ball
2-0: Ball
3-0: Called Strike
3-1: Foul Ball, location: 2F
3-2: Strikes out swinging
Batting: RHB Luis Aguilar 0-0: Ball
1-0: Ball
2-0: Ground out U3 (Groundball, 3L)
Top of the 5th over - 0 runs, 0 hits, 0 errors, 0 left on base; Havana 0 - Richmond 1
BOTTOM OF THE 5TH
Richmond Flairs batting - Pitching for Havana Rollers : RHP Paul Lorenzo
Batting: RHB António Gonzáles 0-0: Foul Ball, location: 2F
0-1: Ball
1-1: Ball
2-1: Swinging Strike
2-2: Foul Ball, location: 2F
2-2: DOUBLE (Flyball, 89D)
Batting: LHB R.J. Courtney 0-0: Called Strike
0-1: Foul Ball, location: 2F
0-2: Ball
1-2: Strikes out swinging
Batting: LHB Roland Jones 0-0: Intentional Walk
Batting: SHB Adrián Miranda 0-0: Ball
1-0: Foul Ball, location: 2F
1-1: Ball
2-1: Called Strike
2-2: Foul Ball, location: 2F
2-2: Grounds into double play, 4-6-3 (Groundball, 4)
Bottom of the 5th over - 0 runs, 1 hit, 0 errors, 1 left on base; Havana 0 - Richmond 1
TOP OF THE 6TH
Havana Rollers batting - Pitching for Richmond Flairs : RHP Tomás Muńóz
Batting: RHB Mitsuharu Matsumoto 0-0: Ball
1-0: Fly out, F7 (Flyball, 7D)
Batting: LHB José Torres 0-0: Called Strike
0-1: Ball
1-1: Foul Ball, location: 2F
1-2: Foul Ball, location: 2F
1-2: SOLO HOME RUN (Flyball, 9LD), Distance : 331 ft
Batting: RHB Ken MacDonald 0-0: Called Strike
0-1: Swinging Strike
0-2: Ball
1-2: Ball
2-2: Ground out 5-3 (Groundball, 56)
Batting: RHB Brant Sherman 0-0: Ball
1-0: Ball
2-0: Ball
3-0: Fly out, F9 (Flyball, 9D)
Top of the 6th over - 1 run, 1 hit, 0 errors, 0 left on base; Havana 1 - Richmond 1
BOTTOM OF THE 6TH
Richmond Flairs batting - Pitching for Havana Rollers : RHP Paul Lorenzo
Pitching: RHP Fernando Castillo
Batting: RHB Iván De Jesús 0-0: Called Strike
0-1: Ball
1-1: Fly out, F7 (Flyball, 7LS)
Batting: RHB Alejandro Ramos 0-0: Called Strike
0-1: Called Strike
0-2: Foul Ball, location: 2F
0-2: SINGLE (Groundball, 4D)
Batting: RHB Christian Hudson 0-0: Foul Ball, location: 2F
0-1: Foul Ball, location: 2F
0-2: Ball
1-2: Ball
2-2: Foul Ball, location: 2F
2-2: Strikes out swinging
Batting: SHB Jeremy Holmes 0-0: Called Strike
0-1: Ball
Wild Pitch!
Alejandro Ramos to second
1-1: Ball
2-1: Swinging Strike
2-2: Ball
3-2: Strikes out swinging
Bottom of the 6th over - 0 runs, 1 hit, 0 errors, 1 left on base; Havana 1 - Richmond 1
TOP OF THE 7TH
Havana Rollers batting - Pitching for Richmond Flairs : RHP Tomás Muńóz
Batting: RHB Soshu Nakamura 0-0: SINGLE (Flyball, 9LS)
Batting: RHB Bill Little 0-0: Ball
1-0: Foul Ball, location: 2F
1-1: Ball
2-1: Fly out, F8 (Line Drive, 78D)
Batting: LHB Shiro Ueno 0-0: Ball
1-0: Ball
2-0: Called Strike
2-1: Ball
3-1: Swinging Strike
3-2: Strikes out looking
Soshu Nakamura is caught stealing 2nd base
Batter strikes out.
Top of the 7th over - 0 runs, 1 hit, 0 errors, 0 left on base; Havana 1 - Richmond 1
BOTTOM OF THE 7TH
Richmond Flairs batting - Pitching for Havana Rollers : RHP Fernando Castillo
Batting: RHB Lonson Seals 0-0: Ball
1-0: Foul Ball, location: 2F
1-1: Ball
2-1: Ground out U3 (Groundball, 34)
Batting: RHB António Gonzáles 0-0: Ball
1-0: Fly out, F7 (Flyball, 78S)
Batting: LHB R.J. Courtney 0-0: Ball
1-0: Fly out, F8 (Line Drive, 89D)
Bottom of the 7th over - 0 runs, 0 hits, 0 errors, 0 left on base; Havana 1 - Richmond 1
TOP OF THE 8TH
Havana Rollers batting - Pitching for Richmond Flairs : RHP Tomás Muńóz
Pitching: LHP José Morán
Batting: RHB Paul Bailey 0-0: Called Strike
0-1: Ball
1-1: Ball
2-1: Foul Ball, location: 2F
2-2: Foul Ball, location: 2F
2-2: Strikes out swinging
Batting: RHB Luis Aguilar 0-0: Called Strike
0-1: Swinging Strike
0-2: Ball
1-2: Strikes out swinging
Batting: RHB Mitsuharu Matsumoto 0-0: Foul Ball, location: 2F
0-1: SOLO HOME RUN (Flyball, 7LD), Distance : 343 ft
Batting: LHB José Torres 0-0: Swinging Strike
0-1: Swinging Strike
0-2: Ball
1-2: Strikes out swinging
Top of the 8th over - 1 run, 1 hit, 0 errors, 0 left on base; Havana 2 - Richmond 1
BOTTOM OF THE 8TH
Richmond Flairs batting - Pitching for Havana Rollers : RHP Fernando Castillo
Batting: LHB Roland Jones 0-0: Ball
1-0: Called Strike
1-1: Ground out 4-3 (Groundball, 4)
Batting: SHB Adrián Miranda 0-0: Foul Ball, location: 2F
0-1: Ball
1-1: Swinging Strike
1-2: Strikes out swinging
Batting: RHB Iván De Jesús 0-0: Ball
1-0: Ground out 5-3 (Groundball, 56S)
Bottom of the 8th over - 0 runs, 0 hits, 0 errors, 0 left on base; Havana 2 - Richmond 1
TOP OF THE 9TH
Havana Rollers batting - Pitching for Richmond Flairs : LHP José Morán
Batting: RHB Ken MacDonald 0-0: Foul Ball, location: 2F
0-1: Ball
1-1: Swinging Strike
1-2: Strikes out swinging
Batting: RHB Brant Sherman 0-0: Called Strike
0-1: Ball
1-1: Ball
2-1: Swinging Strike
2-2: Ball
3-2: Strikes out swinging
Batting: RHB Soshu Nakamura 0-0: Ball
1-0: Foul Ball, location: 2F
1-1: Ball
2-1: Foul Ball, location: 2F
2-2: Strikes out swinging
Top of the 9th over - 0 runs, 0 hits, 0 errors, 0 left on base; Havana 2 - Richmond 1
BOTTOM OF THE 9TH
Richmond Flairs batting - Pitching for Havana Rollers : RHP Fernando Castillo
Batting: RHB Alejandro Ramos 0-0: Ball
1-0: Called Strike
1-1: Called Strike
1-2: SOLO HOME RUN (Flyball, 89D), Distance : 370 ft
Pinch Hitting: SHB Carlos Reyes 0-0: Called Strike
0-1: Ball
1-1: Called Strike
1-2: Strikes out swinging
Pinch Hitting: RHB Jack Ray 0-0: Ball
1-0: Ball
2-0: SINGLE (Groundball, 6MD)
Pinch Runner at 1st Chris Charles:
Batting: RHB Lonson Seals 0-0: Ball
1-0: Called Strike
Chris Charles steals 2nd base
1-1: Fly out, F7 (Flyball, 78D)
Batting: RHB António Gonzáles 0-0: Ball
1-0: Called Strike
1-1: Foul Ball, location: 2F
1-2: Fly out, F8 (Flyball, 8LM)
Bottom of the 9th over - 1 run, 2 hits, 0 errors, 1 left on base; Havana 2 - Richmond 2
TOP OF THE 10TH
Havana Rollers batting - Pitching for Richmond Flairs : LHP José Morán
Now at 2B: Chris Charles
Now at SS: Gilberto Guzmán
Batting: RHB Bill Little 0-0: Called Strike
0-1: Foul Ball, location: 2F
0-2: Strikes out swinging
Pinch Hitting: SHB Yasuhiro Ikarashi 0-0: Ball
1-0: Foul Ball, location: 2F
1-1: Ball
2-1: Foul Ball, location: 2F
2-2: Strikes out swinging
Batting: RHB Paul Bailey 0-0: Called Strike
0-1: Foul Ball, location: 2F
0-2: Foul Ball, location: 2F
0-2: Ball
1-2: Ground out 5-3 (Groundball, 56S)
Top of the 10th over - 0 runs, 0 hits, 0 errors, 0 left on base; Havana 2 - Richmond 2
BOTTOM OF THE 10TH
Richmond Flairs batting - Pitching for Havana Rollers : RHP Fernando Castillo
Now at C: Brian Jackson
Batting: LHB R.J. Courtney 0-0: Ground out 3-1 (Groundball, 34)
Batting: LHB Roland Jones 0-0: Called Strike
0-1: Ball
1-1: Called Strike
1-2: Ball
2-2: Ground out 6-3 (Groundball, 6)
Batting: SHB Adrián Miranda 0-0: Called Strike
0-1: Ball
1-1: Ball
2-1: SOLO HOME RUN (Flyball, 9LD), Distance : 339 ft
Saturday, April 7th, 2018 - OOTP Baseball 18.8 Build 76